 Dungeon Crawl Stone Soup version 0.28.0-47-ge53b351184 (webtiles) character file.

Game seed: 9886211948722834469

488 RatsInWalls the Poker (level 7, -1/55 HPs)
             Began as a Human Cinder Acolyte on May 11, 2022.
             Was a High Priest of Ignis.
             Slain by a gnoll shaman
             ... wielding a +0 club
              (7 damage)
             ... on level 4 of the Dungeon.
             The game lasted 00:08:46 (5409 turns).

RatsInWalls the Poker (Human Cinder Acolyte)        Turns: 5409, Time: 00:08:46

Health: -1/55      AC: 12    Str: 16    XL:     7   Next: 36%
Magic:  2/11       EV: 11    Int: 15    God:    Ignis [*****.]
Gold:   154        SH:  0    Dex:  8    Spells: 10/12 levels left

rFire   + . .      SeeInvis .   a - -1 spear (flame)
rCold   . . .      Faith    .   (no shield)
rNeg    . . .      Spirit   .   q - +0 leather armour
rPois   .          Reflect  .   (no helmet)
rElec   .          Harm     .   (no cloak)
rCorr   .          Rampage  .   (no gloves)
Will    .....                   d - +1 pair of boots
Stlth   +.........              (no amulet)
HPRegen 0.18/turn               (no ring)
MPRegen 0.12/turn               (no ring)

@: lit by a corona, fiery-armoured, glowing
A: no striking features
a: Renounce Religion, Fiery Armour, Foxfire Swarm, Rising Flame


You were on level 4 of the Dungeon.
You worshipped Ignis.
Ignis was extremely pleased with you.
You visited 1 branch of the dungeon, and saw 5 of its levels.

You collected 154 gold pieces.

Inventory:

Hand Weapons
 a - a -1 spear of flaming (weapon)
Armour
 d - a +1 pair of boots (worn)
 g - a +0 ring mail
 i - a +0 scale mail
 q - a +0 leather armour (worn)
Scrolls
 e - a scroll of amnesia
 n - a scroll of torment {unknown}
 p - a scroll of acquirement {unknown}
 r - a scroll of enchant armour {unknown}
Potions
 b - a potion of lignification
 c - a potion of degeneration {unknown}
 f - a potion of curing {unknown}
 h - a potion of resistance {unknown}
 j - a potion of might
 k - a potion of ambrosia {unknown}
 l - a potion of attraction {unknown}
 o - a potion of cancellation {unknown}


   Skills:
 + Level 4.7 Fighting
 + Level 4.7 Polearms
 + Level 2.1 Armour
 - Level 2.3 Dodging
 + Level 3.1 Spellcasting
 - Level 3.0 Fire Magic


You had 10 spell levels left.
You knew the following spells:

 Your Spells              Type           Power      Damage    Failure   Level
a - Scorch                Fire           22%        2d6       11%         2

Your spell library contained the following spells:

 Spells                   Type           Power      Damage    Failure   Level
 Ensorcelled Hibernation  Hex/Ice        4%         N/A       36%         2
 Passwall                 Tmut/Erth      1%         N/A       36%         2
 Swiftness                Air            2%         N/A       58%         3


Dungeon Overview and Level Annotations

Branches:
Dungeon (5/15)
 Temple: D:4-7

Altars:


Message History

You barely miss the gnoll shaman.
The gnoll shaman is almost dead.
The gnoll shaman hits you with a +0 club.
You closely miss the gnoll shaman.
The gnoll shaman is almost dead.
The gnoll shaman utters an invocation to its god.
The gnoll shaman is healed somewhat.
You hit the gnoll shaman but do no damage.
The gnoll shaman is severely wounded.
The gnoll shaman closely misses you.
You hit the gnoll shaman but do no damage.
The gnoll shaman is severely wounded.
The gnoll shaman invokes the aid of its god against you.
You are outlined in light.
You hit the gnoll shaman but do no damage.
The gnoll shaman is severely wounded.
You hit the gnoll shaman but do no damage.
The gnoll shaman is severely wounded.
The gnoll shaman prays to its god.
The gnoll shaman is healed somewhat.
You hit the gnoll shaman but do no damage.
The gnoll shaman is heavily wounded.
The gnoll shaman hits you with a +0 club.
You barely miss the gnoll shaman.
The gnoll shaman is heavily wounded.
The gnoll shaman barely misses you.
You hit the gnoll shaman. You burn the gnoll shaman.
The gnoll shaman is heavily wounded.
The gnoll shaman hits you with a +0 club!
* * * LOW HITPOINT WARNING * * *
A protective cloak of flame settles atop you.
The gnoll shaman hits you with a +0 club!
* * * LOW HITPOINT WARNING * * *
The gnoll shaman is burned by your cloak of flames.
The gnoll shaman is severely wounded.
Unknown command.
You hit the gnoll shaman but do no damage.
The gnoll shaman is severely wounded.
The gnoll shaman hits you with a +0 club!
You die...

#<# #.# #)#
#.### #)#
#...# #)#
###.# #.# #.#
####
#.###########
#.# ...#
#...........#
#.# ##.#
###########.#
#.# #.# #@#
#.# #.# #g#
#.# #.# #.#
#.# #.# #.#
#.# #.# #.#
#.# ##.#
###.# #.#
...# #...#
#.# ####
#.### #.# #
#..# #.#


You could see a gnoll shaman.

Vanquished Creatures
  A black bear (D:4)
  A bullfrog (D:4)
  4 hounds
  2 orc priests
  A hound skeleton (D:4)
  A gnoll (D:5)
  5 adders
  A worm (D:3)
  A dart slug (D:2)
  12 orcs
  3 endoplasms
  5 giant cockroaches
  10 goblins
  4 hobgoblins
  2 jackals (D:1)
  7 kobolds
  2 quokkas
  6 ball pythons
  5 bats
  3 frilled lizards (D:1)
  5 rats
81 creatures vanquished.

Vanquished Creatures (others)
  A plant (D:1)
1 creature vanquished.

Grand Total: 82 creatures vanquished

Notes
Turn   | Place    | Note
-------+----------+-------------------------------------------
     0 | D:1      | RatsInWalls the Human Cinder Acolyte began the quest for
                  | the Orb.
     0 | D:1      | Reached XP level 1. HP: 18/18 MP: 2/2
   238 | D:1      | Reached XP level 2. HP: 24/24 MP: 3/3
   479 | D:1      | Learned a level 2 spell: Scorch
   920 | D:1      | Reached skill level 1 in Dodging
   958 | D:1      | Reached XP level 3. HP: 29/29 MP: 4/4
  1454 | D:2      | Found a faded altar of an unknown god.
  2443 | D:3      | Reached XP level 4. HP: 17/36 MP: 0/6
  2980 | D:3      | Reached XP level 5. HP: 38/42 MP: 0/7
  4103 | D:4      | Reached XP level 6. HP: 32/48 MP: 0/9
  4292 | D:4      | Noticed a black bear
  4295 | D:4      | Killed a black bear
  4296 | D:4      | Reached skill level 1 in Armour
  4604 | D:4      | Reached XP level 7. HP: 55/55 MP: 0/11
  5378 | D:5      | Entered Level 5 of the Dungeon
  5409 | D:4      | Slain by a gnoll shaman

Illustrated notes

Levels and vault maps discovered:
D:1:      sevenhm_arrival_forest_fort_large_2, layout_loops_ring, serial_forest,
          infiniplex_forest_join, infiniplex_forest_lined_2,
          infiniplex_forest_clump_medium, infiniplex_forest_clump_large,
          infiniplex_forest_clump_curved, infiniplex_forest_clump_large,
          infiniplex_forest_end_3
D:2:      layout_basic, hellmonk_ecumenical_altar_zigzags
D:3:      layout_basic
D:4:      layout_loops_ring, nicolae_figureground_sparkle, uniq_blork_the_orc
D:5:      layout_gridville, hangedman_decor_points, uniq_sigmund, uniq_grinder

Skill      XL: |  1  2  3  4  5  6  7 |
---------------+----------------------+-----
Dodging        | 1 2 |  2.3
Spellcasting   | 2 3 |  3.1
Polearms       | 4 |  4.7
Fighting       | 4 |  4.7
Armour         | 1 2 |  2.1
Fire Magic     | |  3.0

Action                   |  1- 3 |  4- 6 |  7- 9 || total
-------------------------+-------+-------+-------++-------
Melee: Spear             |    97 |    82 |    31 ||   210
 Cast: Scorch            |     7 |    50 |    16 ||    73
Invok: Fiery Armour      |       |       |     1 ||     1
  Use: Scroll            |       |     1 |     3 ||     4
 Stab: Distracted        |       |       |     1 ||     1
Armor: Robe              |    30 |    11 |       ||    41
       Leather armour    |       |    13 |     2 ||    15
Dodge: Dodged            |    53 |    45 |    15 ||   113
